 Dungeon Crawl Stone Soup version 0.31-a0-626-g8143ab4f1d (webtiles) character file.

Game seed: 1976223818393846964

206 kae the Changeling (level 5, -5/32 HPs)
             Began as a Draconian Shapeshifter on Aug 24, 2023.
             Was an Initiate of Ru.
             Slain by a centaur
             ... wielding a +0 long sword
              (9 damage)
             ... on level 5 of the Dungeon.
             The game lasted 00:03:30 (3613 turns).

kae the Changeling (Draconian Shapeshifter)         Turns: 3613, Time: 00:03:31

Health: -5/32      AC:  5    Str: 18    XL:     5   Next: 53%
Magic:  0/5        EV: 12    Int:  8    God:    Ru [......]
Gold:   193        SH:  0    Dex: 13    Spells: 4/4 levels left

rFire   . .          .
                       - Unarmed
rCold   . . .        (shield currently unavailable)
rNeg    . . .        (body armour unavailable)
rPois   .            (helmet restricted)
rElec   .            (no cloak)
rCorr   .            (no gloves)
SInv    .            (no boots)
Will    .....        G - amulet of guardian spirit
Stlth   +            (no ring)
HPRegen 0.25/turn    (no ring)
MPRegen 0.09/turn

%: guardian spirit
@: flux-form, glowing
A: glow, contaminating, reduced hp, AC +5, unfitting armour, cold-blooded
a: Begin Untransformation, Renounce Religion


You were on level 5 of the Dungeon.
You worshipped Ru.
Ru was noncommittal.
You were something dangerously unstable.
You visited 2 branches of the dungeon, and saw 6 of its levels.

You collected 205 gold pieces.
You spent 12 gold pieces at shops.


Innate Abilities, Weirdness & Mutations

You are something dangerously unstable.
You glow with magical radiation, making you easy to see and hit.
Foes you strike become dangerously contaminated with magical radiation.
Your maximum health is decreased, since you lack skill for your form.
You are incapable of wielding weapons or throwing items.
Your plain brown scales are hard. (AC +5)
You cannot fit into any form of body armour.
You are cold-blooded and may be slowed by cold attacks.


   Skills:
 - Level 2.0 Fighting
 - Level 1.7 Dodging
 + Level 4.3 Unarmed Combat
 * Level 4.9 Shapeshifting


You had 4 spell levels left.
You didn't know any spells.
Your spell library was empty.

Inventory:

Missiles
 d - 35 stones
 f - 3 boomerangs
 n - 5 atropa-tipped darts
Magical Staves
 j - a staff of cold {!a}
   (You found it on level 2 of the Dungeon)
Jewellery
 G - an amulet of guardian spirit (around neck)
   (You found it on level 1 of the Dungeon)
Talismans
 b - a beast talisman
 c - a flux talisman (active)
Wands
 k - a wand of charming (13)
   (You found it on level 2 of the Dungeon)
Scrolls
 e - 4 scrolls of teleportation {@r4}
 h - a scroll of noise {!r}
Potions
 a - a potion of lignification {!q}
 g - a potion of haste {@q3}
 i - a potion of invisibility
 l - a potion of heal wounds {@q2}
 m - 2 potions of curing {unknown}

Dungeon Overview and Level Annotations

Branches:
Dungeon (5/15) Zot: 26388  Temple (1/1) D:4 Zot: 5998

Altars:
Ashenzari
Cheibriados
Dithmenos
Elyvilon
Fedhas
Gozag
Makhleb
Nemelex Xobeh
Okawaru
Qazlal
Ru
Sif Muna
Trog
Uskayaw
Wu Jian
Xom
Yredelemnul
Zin
The Shining One

Shops:
D:4 ( D:5

? ......###........#
#...## #..
#.......####...#####...#
##. ##......##
###...##....# ##
##..##..# ##.......# #
#..###..# ##...#...## #
#.. #..# ##..####...###
## #.# ##..#####..##
#......###. ..
#.....##c.## #..####....
..# #..###...B####....
##.## #..#...#
###.......... #.#
.....## ##.#####..# ###
### ### ###


You could see a centaur (misshapen).


Message History

😕 HP[-7] MP[-2]
You take 7 damage, and now have 25/32 hp.
MASSIVE DAMAGE!! (PAUSE)
You lost 2 mp, and now have 3/5 mp.
A centaur comes into view. 😕 HP[+1]
The centaur shoots an arrow.
The arrow hits you.
You hear a shout! 😮 HP[-6]
You take 6 damage, and now have 20/32 hp.
Okay, then.
As you read the scroll of teleportation {@r4}, it crumbles to dust.
You feel strangely unstable. 😮 HP[+1] Unknown command.
Your surroundings suddenly seem different.
You start resting. 😮 HP[+1] MP[+1]
You start resting. 😮 HP[+2] MP[+1]
You regained 2 hp, and now have 24/32 hp.
Your mp is fully restored (5). 😕 HP[+1]
You start resting. 😕 HP[+2]
You regained 2 hp, and now have 27/32 hp.
Found a stone staircase leading down. 😎 HP[+5]
Your hp is fully restored (32).
There is a stone staircase leading down here.
Found a stone staircase leading down.
There is a stone staircase leading down here.
You see here a +0 short sword.
You see here a +0 short sword.
There is a stone staircase leading down here.
Found a faintly humming ring mail.
You see here the +1 ring mail "Guqus" {rF++ Str+2}.
You see here the +1 ring mail "Guqus" {rF++ Str+2}.
You now have 193 gold pieces (gained 15).
The centaur unwields a +0 long sword.
The centaur wields a +0 shortbow.
The centaur shoots an arrow.
The arrow hits you! 😮 HP[-8] MP[-1]
You take 8 damage, and now have 24/32 hp.
MASSIVE DAMAGE!! (PAUSE)
You lost 1 mp, and now have 4/5 mp.
Unknown command.
The centaur shoots an arrow.
The arrow barely misses you. 😕 HP[+1]
You start resting.
The centaur shoots an arrow.
The arrow barely misses you. 😕 HP[+1]
The centaur unwields a +0 shortbow.
The centaur wields a +0 long sword.
The centaur closely misses you.
The centaur kicks you but does no damage.
You closely miss the centaur.
The centaur hits you with a +0 long sword.
The centaur kicks you but does no damage.
The centaur barely misses you. The centaur misses you. 😕 HP[-1] MP[+1]
You take 1 damage, and now have 25/32 hp.
Your mp is fully restored (5).
You closely miss the centaur.
You tail-slap the centaur, but do no damage.
The centaur hits you with a +0 long sword.
The centaur kicks you but does no damage. 😮 HP[-4] MP[-1]
You take 4 damage, and now have 21/32 hp.
You lost 1 mp, and now have 4/5 mp.
Unknown command.
You barely miss the centaur.
The centaur hits you with a +0 long sword.
The centaur kicks you.
* * * LOW HITPOINT WARNING * * *
😨 HP[-5]
You take 5 damage, and now have 16/32 hp.
You hit the centaur.
The centaur begins to glow.
The centaur hits you with a +0 long sword.
* * * LOW HITPOINT WARNING * * *
The centaur kicks you but does no damage.
The centaur closely misses you.
The centaur barely misses you. 😨 HP[-2] MP[-1]
You take 2 damage, and now have 14/32 hp.
You lost 1 mp, and now have 3/5 mp.
Unknown command.
You hit the centaur but do no damage.
The centaur glows dangerously bright.
You tail-slap the centaur.
The centaur hits you with a +0 long sword!
* * * LOW HITPOINT WARNING * * *
The centaur completely misses you. 😱 HP[-9] MP[-2]
You take 9 damage, and now have 5/32 hp.
MASSIVE DAMAGE!! (PAUSE)
You lost 2 mp, and now have 1/5 mp.
You hit the centaur but do no damage.
The centaur shudders as magic cascades through it!
The centaur twists and deforms.
You tail-slap the centaur. The centaur closely misses you.
The centaur kicks you.
* * * LOW HITPOINT WARNING * * *
The centaur hits you with a +0 long sword!
You die...

Skill      XL: |  1  2  3  4 |
---------------+-------------+-----
Fighting       | 2 |  2.0
Shapeshifting  | 4 |  4.9
Unarmed Combat | 4 |  4.3
Dodging        | |  1.7

Action                     |  1- 3 |  4- 6 || total
---------------------------+-------+-------++-------
  Melee: Unarmed           |   109 |    88 ||   197
         Tailslap          |    12 |    12 ||    24
         Punch             |     2 |     1 ||     3
    Use: Scroll            |     8 |     4 ||    12
   Stab: Sleeping          |     1 |       ||     1
 Armour: Skin              |    26 |    15 ||    41
  Dodge: Dodged            |    56 |    45 ||   101
   Form: Flux              |       |     1 ||     1

Levels and vault maps discovered:
D:1:      dpeg_arrival_three_same_balls, layout_basic, serial_glass,
          glass_columns_c, glass_columns_a, glass_columns_a, glass_columns_a,
          glass_columns_a, glass_columns_b, feat_on_display
D:2:      layout_loops_corners, minmay_pentomino_pile
D:3:      layout_basic, nicolae_overflow_hidden_temple
D:4:      layout_loops_ring, kennysheep_ying_yang, mainiacjoe_overflow_paths,
          minmay_temple_entry_enclosed_plants, serial_shops, shop,
          minmay_misc_feat_hallway, serial_bayou_ford_a
D:5:      layout_layer_cave, gammafunk_temple_overflow_wave, serial_shops, shop,
          minmay_manual_mares
Temple:   nicolae_temple_great_sept

Notes
Turn   | Place    | Note
-------+----------+-------------------------------------------
     0 | D:1      | kae the Draconian Shapeshifter began the quest for the Orb.
     0 | D:1      | Reached XP level 1. HP: 16/16 MP: 1/1
     0 | D:1      | magus.rc [v1.11.3]
   214 | D:1      | Reached XP level 2. HP: 23/23 MP: 2/2
   798 | D:2      | You fall into a shaft and drop 1 floor!
   933 | D:2      | Reached XP level 3. HP: 29/29 MP: 3/3
  1198 | D:2      | Reached skill level 2 in Fighting
  1821 | D:3      | Reached skill level 4 in Shapeshifting
  1821 | D:3      | Reached XP level 4. HP: 36/36 MP: 4/4
  2245 | D:3      | Found a sacrificial altar of Ru.
  2249 | D:3      | Found a broken altar of Ashenzari.
  2450 | D:4      | Found Bunex's Weapon Shop.
  2477 | D:4      | Noticed a phantom
  2497 | D:4      | Killed a phantom
  2498 | D:4      | Reached skill level 4 in Unarmed Combat
  2498 | D:4      | Reached XP level 5. HP: 23/41 MP: 3/5
  2541 | D:4      | Found a basalt altar of Yredelemnul.
  2851 | D:4      | Found a stormy altar of Qazlal.
  2889 | D:4      | Found a staircase to the Ecumenical Temple.
  2895 | Temple   | Entered the Ecumenical Temple
  2951 | D:3      | Became a worshipper of Ru the Awakened
  2998 | D:4      | Found a white marble altar of Elyvilon.
  3242 | D:5      | Entered Level 5 of the Dungeon
  3283 | D:5      | Found Iwkul's Magic Scroll Boutique.
  3365 | D:5      | Bought a scroll of noise for 12 gold pieces
  3378 | D:5      | Noticed a centaur
  3379 | D:5      | Noticed a centaur
  3523 | D:5      | Identified the +1 ring mail "Guqus" {rF++ Str+2}
  3612 | D:5      | HP: 5/32 [centaur/+0 long sword (9)]
  3613 | D:5      | Slain by a centaur

Vanquished Creatures
  A phantom (D:4)
  An orc wizard (D:5)
  2 adders
  5 worms
  2 dart slugs
  8 orcs
  8 ball pythons
  4 bats
  7 endoplasms
  A giant cockroach (D:2)
  A goblin (D:1)
  7 hobgoblins
  4 quokkas
  4 frilled lizards
  2 kobolds
  6 rats
63 creatures vanquished.

Table legend:
 A = Non-vault XP
 B = Vault XP
 C = Vault XP percentage of total XP
 D = Non-vault monster count
 E = Vault monster count
 F = Vault count percentage of total count
                 A         B        C        D         E       F
            +---------+---------+-------+---------+---------+-------
      Total |     284 |      11 |   3.7 |      58 |       5 |   7.9
            +---------+---------+-------+---------+---------+-------
        D:1 |      30 |       0 |   0.0 |      18 |       0 |   0.0
        D:2 |      46 |      11 |  19.3 |      15 |       5 |  25.0
        D:3 |      39 |       0 |   0.0 |      13 |       0 |   0.0
        D:4 |     122 |       0 |   0.0 |       7 |       0 |   0.0
        D:5 |      47 |       0 |   0.0 |       5 |       0 |   0.0
            +---------+---------+-------+---------+---------+-------

Skill      XL: |  1  2  3  4 |
---------------+-------------+-----
Fighting       | 2 |  2.0
Shapeshifting  | 4 |  4.9
Unarmed Combat | 4 |  4.3
Dodging        | |  1.7

Action                     |  1- 3 |  4- 6 || total
---------------------------+-------+-------++-------
  Melee: Unarmed           |   109 |    88 ||   197
         Tailslap          |    12 |    12 ||    24
         Punch             |     2 |     1 ||     3
    Use: Scroll            |     8 |     4 ||    12
   Stab: Sleeping          |     1 |       ||     1
 Armour: Skin              |    26 |    15 ||    41
  Dodge: Dodged            |    56 |    45 ||   101
   Form: Flux              |       |     1 ||     1

Illustrated notes

Table legend:
 A = Kills in this place as a percentage of kills in the entire game.
 B = Kills by you in this place as a percentage of kills by you in the entire game.
 C = Kills by friends in this place as a percentage of kills by friends in the entire game.
 D = Other kills in this place as a percentage of other kills in the entire game.
 E = Experience gained in this place as a percentage of experience gained in the entire game.
 F = Experience gained in this place divided by the number of levels of this place that you have seen.
                   A       B       C       D       E      F
               +-------+-------+-------+-------+-------+----------------------
         Total | 100.0 | 100.0 |   N/A |   N/A | 100.0 |  49.2
       Dungeon | 100.0 | 100.0 |   N/A |   N/A | 100.0 |  59.0
               +-------+-------+-------+-------+-------+----------------------

Table legend: (Time is in decaauts)
 A = Elapsed time spent in this place.
 B = Non-inter-level travel time spent in this place.
 C = Inter-level travel time spent in this place.
 D = Time resting spent in this place.
 E = Time spent auto-exploring this place.
 F = Levels seen in this place.
 G = Mean time per level.
                   A        B        C        D        E       F      G
               +--------+--------+--------+--------+--------+-----+--------+
         Total |   3611 |   3444 |    167 |     28 |   2929 |   6 |  601.8 |
       Dungeon |   3610 |   3445 |    165 |     28 |   2929 |   5 |  722.0 |
        Temple |      1 |      0 |      1 |      0 |      0 |   1 |    1.0 |
               +--------+--------+--------+--------+--------+-----+--------+

Top non-repeatable levels by time:
     D:2: 972 daAuts
     D:4: 927 daAuts
     D:1: 727 daAuts
     D:3: 615 daAuts
     D:5: 368 daAuts
  Temple: 1 daAuts
